 Dungeon Crawl Stone Soup version 0.16.0-11-gd45b091 (webtiles) character file.

727 Chiseanne the Magician (level 7, -4/40 HPs)
             Began as a Deep Elf Warper on Mar 17, 2015.
             Was an Initiate of Gozag.
             Slain by Menkaure (12 damage)
             ... in an ossuary.
             The game lasted 00:18:20 (4640 turns).

Chiseanne the Magician (Deep Elf Warper)            Turns: 4640, Time: 00:18:20

Health: -4/40      AC:  5    Str: 10    XL:     7   Next: 44%
Magic:  22/24      EV: 14    Int: 18    God:    Gozag
Gold:   76         SH:  0    Dex: 14    Spells: 5 memorised, 7 levels left

rFire  . . .     SeeInvis .     a - +3 spear (pierce)
rCold  . . .     Clarity  .     b - +0 leather armour
rNeg   . . .     SustAb   +     (no shield)
rPois  .         Gourm    .     (no helmet)
rElec  .         Spirit   .     t - +1 cloak (curse)
rCorr  .         Warding  .     (no gloves)
rMut   .         Stasis   .     (no boots)
MR     .....                    (no amulet)
Stlth  +.........               e - ring of sustain abilities
                                m - ring of wizardry

@: shrouded, not resistant to hostile enchantments, very unstealthy
A: no striking features
a: Potion Petition, Call Merchant, Bribe Branch, Renounce Religion


You were in an ossuary.
You worshipped Gozag.
Gozag was noncommittal.
You were not hungry.

You visited 1 branch of the dungeon, and saw 5 of its levels.
You also visited: Ossuary.

You collected 178 gold pieces.
You paid 102 gold pieces to Gozag.

Inventory:

Hand weapons
 a - a +3 spear of piercing (weapon)
 d - a cursed +4 quarterstaff of chaos
 f - a +1 rapier of speed
 s - a +0 dagger of venom
Missiles
 h - 21 bolts
 k - 11 tomahawks
 n - 67 arrows
 o - 3 javelins (quivered)
 p - 103 stones
 v - 20 arrows of flame
 z - 9 bolts of penetration
 A - 10 arrows of dispersal
Armour
 b - a +0 leather armour (worn)
 t - a cursed +1 cloak (worn)
Magical staves
 q - a cursed staff of power
Jewellery
 e - a ring of sustain abilities (right hand)
 m - a ring of wizardry (left hand)
 u - an uncursed ring of invisibility
Scrolls
 y - 2 scrolls of remove curse
Potions
 g - a potion of mutation
 i - a potion of restore abilities
 l - a potion of might {unknown}
 r - a potion of heal wounds
 x - a potion of cancellation {unknown}
Books
 c - a book of Spatial Translocations

   Spells                             Type                      Level
   a - Apportation                    Translocation                1
   b - Blink                          Translocation                2
   c - Shroud of Golubria             Charms/Translocation         2
   d - Portal Projectile              Translocation                3
   e - Teleport Other                 Translocation                3
   f - Passage of Golubria            Translocation                4
Comestibles
 j - 5 bread rations
 w - 4 meat rations


   Skills:
 * Level 2.9 Fighting
 - Level 2.0 Short Blades
 - Level 1.1 Throwing
 - Level 0.7 Armour
 * Level 5.2 Dodging
 * Level 6.9 Spellcasting
 * Level 5.8 Translocations


You had 7 spell levels left.
You knew the following spells:

 Your Spells              Type           Power        Failure   Level  Hunger
a - Apportation           Tloc           ####......   1%          1    None
b - Blink                 Tloc           N/A          1%          2    None
c - Shroud of Golubria    Chrm/Tloc      ###.......   4%          2    None
d - Teleport Other        Tloc           ####....     1%          3    ##.....
e - Passage of Golubria   Tloc           N/A          6%          4    ####...


Dungeon Overview and Level Annotations

Branches:
Dungeon (5/15)
 Temple: D:4-7

Altars:
Gozag
Kikubaaqudgha
Vehumet

Annotations:
D:4 Virusyak's ghost, average OgFi Ossuary Menkaure


Message History

You destroy the mummy!
You feel nervous for a moment...
Your +4 quarterstaff of chaos glows black for a moment.
The mummy misses you.
You hit the mummy!
The mummy is severely damaged.
Casting: Shroud of Golubria
Confirm with . or Enter, or press ? or * to list all spells.
You renew your shroud.
The mummy hits you!
You hit the mummy but do no damage.
The mummy is severely damaged.
Menkaure hits you but does no damage.
Your shroud bends the mummy's attack away!
Found six items.
There is an open door here.
You barely miss Menkaure. Menkaure barely misses you. The mummy hits you!
* * * LOW HITPOINT WARNING * * *
Menkaure hits you!
You die...
Your body crumbles into a pile of gold.

. #..# #..# #..#
#..+ #..# #..#
#############
#..###...M#........
#..'.#....@M.......
#..#.'....#M..???..
#..#.#....#..?!$?!
#..########..?$∩$!
#..'.#....#..?!$?=
#..#.'....#...!??
#..#.#....#.....
#..###....#....
#..'.#######


You could see Menkaure and 2 mummies.

Vanquished Creatures
  An ogre (D:3)
  3 centaurs
  A centaur zombie (Ossuary)
  A gnoll shaman (D:3)
  Crazy Yiuf (D:2)
  A worker ant (D:4)
  The ghost of Chiseanne the Grasshopper, a weakling DEWr (D:3)
  3 mummies
  6 gnolls (D:3)
  8 adders
  A worm (D:3)
  An adder skeleton (D:4)
  An adder zombie (Ossuary)
  3 giant geckos
  5 orcs (D:4)
  12 bats
  3 giant cockroaches
  7 hobgoblins
  2 jackals (D:3)
  5 giant newts
  17 goblins
  A jackal zombie (D:5)
  3 kobolds
  A kobold zombie (Ossuary)
  11 rats
  3 rat zombies (Ossuary)
102 creatures vanquished.

Notes
Turn   | Place    | Note
--------------------------------------------------------------
     0 | D:1      | Chiseanne, the Deep Elf Warper, began the quest for the Orb.
     0 | D:1      | Reached XP level 1. HP: 12/12 MP: 5/5
   292 | D:1      | Reached XP level 2. HP: 14/17 MP: 8/8
   296 | D:1      | Learned a level 2 spell: Blink
   299 | D:1      | Learned a level 2 spell: Shroud of Golubria
  1259 | D:2      | Reached XP level 3. HP: 16/21 MP: 8/11
  1477 | D:2      | Reached skill level 4 in Translocations
  1622 | D:2      | Noticed Crazy Yiuf
  1638 | D:2      | Killed Crazy Yiuf
  1638 | D:2      | Reached XP level 4. HP: 8/26 MP: 11/15
  2023 | D:2      | Noticed a centaur
  2038 | D:2      | Killed a centaur
  2038 | D:2      | Reached XP level 5. HP: 3/31 MP: 14/18
  2410 | D:2      | Learned a level 3 spell: Teleport Other
  2415 | D:2      | Learned a level 4 spell: Passage of Golubria
  2591 | D:3      | Reached skill level 5 in Spellcasting
  2602 | D:3      | Noticed a centaur
  2613 | D:3      | Killed a centaur
  2613 | D:3      | Reached skill level 5 in Translocations
  2613 | D:3      | Reached XP level 6. HP: 17/36 MP: 17/21
  2858 | D:3      | Noticed Chiseanne's ghost (weakling DEWr)
  2873 | D:3      | Killed Chiseanne's ghost
  2935 | D:3      | Reached skill level 6 in Spellcasting
  3202 | D:3      | Found a radiant altar of Vehumet.
  3268 | D:3      | Noticed an ogre
  3598 | D:3      | Killed an ogre
  3598 | D:3      | Reached XP level 7. HP: 15/40 MP: 24/24
  4129 | D:4      | Found an opulent altar of Gozag.
  4141 | D:4      | Became a worshipper of Gozag Ym Sagoz the Greedy
  4235 | D:4      | Noticed Virusyak's ghost (average OgFi)
  4239 | D:4      | Reached skill level 5 in Dodging
  4315 | D:5      | Entered Level 5 of the Dungeon
  4341 | D:5      | Found an ancient bone altar of Kikubaaqudgha.
  4475 | D:5      | Found a sand-covered staircase.
  4517 | Ossuary  | Entered an ossuary
  4622 | Ossuary  | Noticed Menkaure
  4640 | Ossuary  | Slain by Menkaure

Action                   |  1- 3 |  4- 6 |  7- 9 || total
-------------------------+-------+-------+-------++-------
Melee: Short sword       |    28 |       |       ||    28
       Spear             |    65 |   106 |    63 ||   234
       Quarterstaff      |       |     1 |       ||     1
       Rapier            |       |       |    16 ||    16
Throw: Javelin           |     2 |    11 |       ||    13
       Tomahawk          |       |     5 |       ||     5
 Cast: Apportation       |    11 |     9 |     2 ||    22
       Shroud of Golubri |    10 |    17 |    15 ||    42
       Blink             |       |     2 |     3 ||     5
  Use: Scroll            |     6 |     4 |     1 ||    11
       Potion            |       |     3 |     1 ||     4
  Eat: Chunk             |     2 |     1 |     2 ||     5
       Fruit             |     6 |     1 |       ||     7
       Bread ration      |       |       |     1 ||     1
